 Dungeon Crawl Stone Soup version 0.29.1-13-g9f3cf754e1 (webtiles) character file.

Game seed: 17617409911668389300

134 promet the Shield-Bearer (level 5, -8/28 HPs)
             Began as a Vine Stalker Fighter on Jan 31, 2023.
             Was an Initiate of Nemelex Xobeh.
             Killed from afar by a white imp (12 damage)
             ... with a puff of frost
             ... summoned by Natasha
             ... on level 3 of the Dungeon.
             The game lasted 00:16:45 (3510 turns).

promet the Shield-Bearer (Vine Stalker Fighter)     Turns: 3510, Time: 00:16:49

Health: -8/28      AC: 11    Str: 18 (19) XL:     5   Next: 17%
Magic:  0/6        EV:  6    Int:  6 (8)  God:    Nemelex Xobeh [......]
Gold:   131        SH:  5    Dex: 14 (15) Spells: 4/4 levels left

rFire   . . .      SeeInvis .   k - +0 hammer
rCold   . . .      Faith    .   c - +0 buckler
rNeg    . . .      Spirit   +   l - +0 chain mail
rPois   .          Reflect  .   i - +0 helmet
rElec   .          Harm     .   b - +0 cloak
rCorr   .          Rampage  .   (no gloves)
Will    .....                   (no boots)
Stlth   ..........              (no amulet)
HPRegen 0.89/turn               (no ring)
MPRegen 0.10/turn               (no ring)

@: about to teleport
A: fangs 2, regeneration 1, magic shield, antimagic bite, no potion heal 2
a: Renounce Religion, Draw Escape, Draw Destruction, Draw Summoning


You were on level 3 of the Dungeon.
You worshipped Nemelex Xobeh.
Nemelex Xobeh was noncommittal.
You visited 1 branch of the dungeon, and saw 3 of its levels.

You collected 131 gold pieces.

Inventory:

Hand Weapons
 a - a +0 whip of venom
 e - a +0 rapier
 k - a +0 hammer (weapon)
 m - a +4 quarterstaff of chaos
 n - a +0 long sword
Missiles
 f - 3 poisoned darts (quivered)
Armour
 b - a +0 cloak (worn)
 c - a +0 buckler (worn)
 i - a +0 helmet (worn)
 l - a +0 chain mail (worn)
Scrolls
 g - 4 scrolls of teleportation
 j - a scroll of identify
Potions
 h - 2 potions of heal wounds


   Skills:
 + Level 3.3 Fighting
 + Level 2.6(2.7) Short Blades
 + Level 0.5(1.7) Long Blades
 * Level 1.1 Maces & Flails
 + Level 3.0 Armour
 + Level 3.3 Shields


You had 4 spell levels left.
You didn't know any spells.
Your spell library contained the following spells:

 Spells                   Type           Power      Damage    Failure   Level
 Apportation              Tloc           0%         N/A       100%        1
 Necrotise                Necr           0%         1d4       100%        1
 Slow                     Hex            0%         N/A       100%        1
 Summon Small Mammal      Summ           0%         N/A       100%        1
 Confusing Touch          Hex            0%         N/A       100%        3
 Vampiric Draining        Necr           0%         2d6       100%        3
 Conjure Ball Lightning   Conj/Air       0%         3x3d6     100%        6
 Discord                  Hex            0%         N/A       100%        8
 Disjunction              Tloc           0%         N/A       100%        8


Dungeon Overview and Level Annotations

Branches:
Dungeon (3/15)

Altars:
Nemelex Xobeh

Annotations:
D:3 Jessica, Natasha


Innate Abilities, Weirdness & Mutations

You have extremely sharp teeth.
Your natural rate of healing is unusually fast.
When hurt, damage is shared between your health and your magic reserves.
Your bite disrupts and absorbs the magic of your enemies.
Potions cannot restore your health.


Message History

The white imp gestures at you. The puff of frost hits you.
You block Natasha's attack.
The white imp hits you but does no damage.
Natasha casts a spell at you. You resist with some effort.
You block the white imp's attack.
You hit Natasha. Your bite misses Natasha.
Natasha is heavily wounded.
Natasha casts a spell.
The white imp hits you. The white imp freezes you.
The white imp attacks as you move away! The white imp completely misses you.
Natasha attacks as you move away! Natasha claws you!
Natasha hisses.
Natasha drinks a potion.
Natasha seems to grow stronger.
The white imp gestures at you. The puff of frost hits you.
Throw: 4 darts (poison)
Press: ? - help, Q - select action, (/) - cycle Shift-Dir - straight line, f - Natasha
Aim: Natasha (heavily wounded, strong, 51% to hit)
You throw a poisoned dart.
The poisoned dart barely misses Natasha.
You closely miss Natasha. You bite Natasha, but do no damage.
Natasha is heavily wounded.
Natasha completely misses you.
The crimson imp blinks!
You block Natasha's attack.
You closely miss the white imp.
You bite the white imp, but do no damage.
The white imp hits you. The white imp freezes you.
Natasha mumbles some strange words.
The white imp gestures at you. The puff of frost hits you!
* * * LOW HITPOINT WARNING * * *
As you read the scroll of teleportation, it crumbles to dust.
You feel strangely unstable. The white imp barely misses you.
The white imp attacks as you move away! The white imp hits you.
* * * LOW HITPOINT WARNING * * *
The white imp freezes you.
* * * LOW HITPOINT WARNING * * *
The white imp gestures at you. The puff of frost hits you!
You die...
Your body disappears without a glow.

#....##
#.#...##
#..(...## ##
#.......####..
#......... ..##
#.......# #.. #
#....ยง.# #.# #
#.#..5######.#
#
#.:.5h5.@....#
#
###########..#
## #..# #. #..#
###.
#..#########...
#..............
##)#########...
#.##### ###.
#.....# #.


You could see Natasha (strong), a crimson imp (summoned) and 2 white imps.

Vanquished Creatures
  Crazy Yiuf (D:2)
  Robin (D:2)
  An adder (D:2)
  3 gnolls
  A worm (D:2)
  2 dart slugs (D:1)
  2 orcs
  A ball python (D:1)
  2 bats (D:2)
  4 endoplasms
  2 giant cockroaches (D:1)
  11 goblins
  6 hobgoblins
  A quokka (D:1)
  A frilled lizard (D:1)
  5 kobolds
  4 rats
48 creatures vanquished.

Notes
Turn   | Place    | Note
-------+----------+-------------------------------------------
     0 | D:1      | promet the Vine Stalker Fighter began the quest for the
                  | Orb.
     0 | D:1      | Reached XP level 1. HP: 11/11 MP: 2/2
   118 | D:1      | Reached XP level 2. HP: 15/16 MP: 3/3
   673 | D:1      | Reached XP level 3. HP: 20/20 MP: 4/4
  1216 | D:2      | Found a sparkling altar of Nemelex Xobeh.
  1221 | D:2      | Noticed Robin
  2060 | D:2      | Killed Robin
  2102 | D:2      | Gained mutation: Your natural rate of healing is unusually
                  | fast. [Vine Stalker growth]
  2102 | D:2      | Reached XP level 4. HP: 12/24 MP: 5/5
  2211 | D:2      | Became a worshipper of Nemelex Xobeh the Trickster
  2550 | D:2      | Found a faded altar of an unknown god.
  2837 | D:2      | Found a runed translucent door.
  2838 | D:2      | Noticed Crazy Yiuf
  2856 | D:2      | Killed Crazy Yiuf
  3270 | D:2      | Reached skill level 1 in Maces & Flails
  3270 | D:2      | Reached XP level 5. HP: 27/28 MP: 6/6
  3428 | D:3      | Noticed Jessica
  3495 | D:3      | Noticed Natasha
  3510 | D:3      | Killed from afar by a white imp

Illustrated notes

Levels and vault maps discovered:
D:1:      erik_arrival_triangle_large, layout_basic, roderic_serpentine_path
D:2:      layout_loops_corners, hellmonk_ecumenical_altar_run_dry, basic_altar,
          uniq_robin, uniq_crazy_yiuf_cottage
D:3:      layout_loops_ring, nrook_campfire, small_statue_alley_b, uniq_jessica,
          uniq_natasha

Skill      XL: |  1  2  3  4 |
---------------+-------------+-----
Short Blades   | 2 |  2.6
Shields        | 3 |  3.3
Fighting       | 3 |  3.3
Armour         | 3 |  3.0
Maces & Flails | 1 |  1.1
Long Blades    | |  0.5

Action                   |  1- 3 |  4- 6 || total
-------------------------+-------+-------++-------
Melee: Whip              |    82 |    16 ||    98
       Bite              |    23 |    13 ||    36
       Rapier            |     1 |       ||     1
       Mace              |       |    32 ||    32
Throw: Stone             |     9 |       ||     9
       Dart              |       |     8 ||     8
  Use: Scroll            |     6 |     3 ||     9
       Potion            |     3 |     1 ||     4
Armor: Scale mail        |    25 |       ||    25
       Skin              |     1 |       ||     1
       Chain mail        |       |    20 ||    20
Dodge: Dodged            |    37 |    17 ||    54
Block: Buckler           |    17 |    18 ||    35
